 Dungeon Crawl Stone Soup version 0.25-a0-1133-g93ebf739aa (webtiles) character file.

Game seed: 15141270500446364619, levelgen mode: deterministic

117 zard0z the Firebug (level 4, -5/24 HPs)
             Began as a Deep Elf Fire Elementalist on May 22, 2020.
             Killed by divine providence
             ... invoked by an orc priest
              (15 damage)
             ... on level 3 of the Dungeon.
             The game lasted 00:19:52 (3472 turns).

zard0z the Firebug (Deep Elf Fire Elementalist)     Turns: 3472, Time: 00:19:53

Health: -5/24      AC:  4    Str:  5    XL:     4   Next: 71%
Magic:  6/11       EV: 18    Int: 21    God:
Gold:   90         SH:  0    Dex: 15    Spells: 2/10 levels left

rFire    . . .     SeeInvis .   a - +0 dagger
rCold    . . .     Gourm    .   (no shield)
rNeg     . . .     Faith    .   l - +0 robe
rPois    .         Spirit   .   (no helmet)
rElec    .         Reflect  .   v - scarf {+Inv}
rCorr    .         Harm     .   s - +1 pair of gloves
MR       .....                  (no boots)
Stlth    ++........             (no amulet)
HPRegen  0.08/turn              p - +4 ring of evasion
MPRegen  0.12/turn              (no ring)

@: very slightly contaminated
A: no striking features
a: Evoke Invisibility


You were on level 3 of the Dungeon.
You were not hungry.

You visited 1 branch of the dungeon, and saw 3 of its levels.

You collected 90 gold pieces.

Inventory:

Hand Weapons
 a - a +0 dagger (weapon)
 r - a +0 hand axe of electrocution
Missiles
 f - 118 stones
 h - 8 silver javelins (quivered)
Armour
 i - a +0 leather armour
 l - a +0 robe (worn)
 s - a +1 pair of gloves (worn)
 v - a scarf of invisibility (worn)
 w - +0 acid dragon scales
Jewellery
 p - a +4 ring of evasion (left hand)
Scrolls
 e - a scroll of teleportation
 k - 2 scrolls of remove curse
Potions
 b - 2 potions of lignification
 d - a potion of curing {unknown}
 g - 3 potions of flight
 j - a potion of berserk rage {unknown}
 m - a potion of haste {unknown}
 o - a potion of might {unknown}
Comestibles
 c - 3 rations


   Skills:
 + Level 3.5 Dodging
 - Level 2.4 Stealth
 + Level 3.9 Spellcasting
 * Level 3.2 Conjurations
 + Level 4.0 Fire Magic


You had 2 spell levels left.
You knew the following spells:

 Your Spells              Type           Power        Failure   Level  Hunger
a - Foxfire               Conj/Fire      ###.         2%          1    None
e - Conjure Flame         Conj/Fire      ###.....     9%          3    ###....
q - Sticky Flame          Conj/Fire      ###.....     26%         4    ####...

Your spell library contained the following spells:

 Spells                   Type           Power        Failure   Level  Hunger
 Inner Flame              Hex/Fire       ##......     16%         3    ###....
 Fireball                 Conj/Fire      ###.......   58%         5    ######.


Dungeon Overview and Level Annotations

Branches:
Dungeon (3/15)

Altars:
Kikubaaqudgha
Makhleb
Xom
Yredelemnul

Annotations:
D:3 Robin


Message History

Your foxfire hits something. x2
All of the chunks of flesh in your inventory have rotted away.
The foxfire hits the orc priest.
The orc priest is moderately wounded.
Casting: Foxfire (safe; 2% risk of failure)
Confirm with . or Enter, or press ? or * to list all spells.
You conjure some foxfire!
The orc priest invokes the aid of Beogh against you.
Beogh smites you!
Ouch! That really hurt!
You hear a shout!
You hear a shout!
The foxfire hits the orc priest.
The orc priest is heavily wounded.
The foxfire hits the orc priest.
The orc priest is severely wounded.
The orc priest calls down the wrath of Beogh upon you.
Beogh smites you!
Ouch! That really hurt!
You die...

*,*#.#,,,,,,,,,,,#g#
*,*#.#,****,*****#.#
*,*#.#,,,,,,* #.#
*,*#.#############÷#
#.##...v)o.g.......#
#...§o##############
#####.# ######## #.#
#.......
#@#########.######
#...........#
###########.# ###


You could see an orc priest.

Vanquished Creatures
  An orc wizard (D:3)
  3 adders (D:2)
  A worm (D:2)
  2 leopard geckos (D:2)
  3 orcs (D:3)
  6 bats
  7 goblins
  7 hobgoblins
  4 jackals
  5 kobolds
  2 quokkas
  A frilled lizard (D:1)
  9 rats
51 creatures vanquished.

Vanquished Creatures (collateral kills)
  A goblin (D:3)
1 creature vanquished.

Vanquished Creatures (others)
  109 foxfires
109 creatures vanquished.

Grand Total: 161 creatures vanquished

Notes
Turn   | Place    | Note
-------+----------+-------------------------------------------
     0 | D:1      | zard0z the Deep Elf Fire Elementalist began the quest for
                  | the Orb.
     0 | D:1      | Reached XP level 1. HP: 10/10 MP: 6/6
   340 | D:1      | Reached XP level 2. HP: 15/15 MP: 6/8
  1032 | D:2      | Reached XP level 3. HP: 19/19 MP: 6/9
  1042 | D:2      | Learned a level 3 spell: Conjure Flame
  1600 | D:2      | Found a burning altar of Makhleb.
  1600 | D:2      | Found a shimmering altar of Xom.
  1710 | D:2      | Found a basalt altar of Yredelemnul.
  2594 | D:2      | Reached XP level 4. HP: 24/24 MP: 7/11
  2603 | D:2      | Learned a level 4 spell: Sticky Flame
  2992 | D:3      | Reached skill level 4 in Fire Magic
  3031 | D:3      | Found an ancient bone altar of Kikubaaqudgha.
  3192 | D:3      | Noticed Robin
  3472 | D:3      | Killed from afar by an orc priest

Illustrated notes

Levels and vault maps discovered:
D:1:      saegor_arrival_simple_c, layout_basic, glass_columns_a
D:2:      layout_basic, gammafunk_temple_overflow_elements, marbit_many_paths,
          chequers_ecumenical_altar_grove, chequers_serial_rivers_micro_e,
          fedhas_altar_4
D:3:      layout_basic, lemuel_doored_altar, first_ration, grunt_qazlal_clouds,
          uniq_robin

Skill      XL: |  1  2  3  4 |
---------------+-------------+-----
Conjurations   | 2 3 |  3.2
Dodging        | 3 |  3.5
Fire Magic     | 4 |  4.0
Stealth        | |  2.4
Spellcasting   | |  3.9

Action                   |  1- 3 |  4- 6 || total
-------------------------+-------+-------++-------
Melee: Dagger            |     5 |       ||     5
 Cast: Foxfire           |    64 |    29 ||    93
  Use: Scroll            |     7 |       ||     7
  Eat: Chunk             |     2 |     2 ||     4
       Ration            |     1 |       ||     1
Armor: Robe              |     5 |       ||     5
Dodge: Dodged            |    32 |     8 ||    40

Table legend:
 A = Non-vault XP
 B = Vault XP
 C = Vault XP percentage of total XP
 D = Non-vault monster count
 E = Vault monster count
 F = Vault count percentage of total count
                 A         B        C        D         E       F
            +---------+---------+-------+---------+---------+-------
      Total |     163 |       5 |   3.0 |      49 |       3 |   5.8
            +---------+---------+-------+---------+---------+-------
        D:1 |      27 |       0 |   0.0 |      17 |       0 |   0.0
        D:2 |      76 |       2 |   2.6 |      21 |       1 |   4.5
        D:3 |      60 |       3 |   4.8 |      11 |       2 |  15.4
            +---------+---------+-------+---------+---------+-------
